 Dungeon Crawl Stone Soup version 0.28-a0-631-g0446da8ef9 (webtiles) character file.

Game seed: 3496847615054293504

42 dolemite99 the Chopper (level 3, 29/29 HPs)
             Began as a Demonspawn Fighter on Oct 9, 2021.
             Was a Follower of Sif Muna.
             Quit the game on level 2 of the Dungeon.
             The game lasted 00:01:24 (1970 turns).

dolemite99 the Chopper (Demonspawn Fighter)         Turns: 1970, Time: 00:01:25

Health: 29/29      AC: 11    Str: 17    XL:     3   Next: 35%
Magic:  3/3        EV:  4    Int:  9    God:    Sif Muna [*.....]
Gold:   53         SH:  4    Dex: 12    Spells: 2/2 levels left

rFire   . . .      SeeInvis .   a - +0 war axe
rCold   . . .      Faith    .   c - +0 buckler
rNeg    . . .      Spirit   .   j - +0 plate armour
rPois   .          Reflect  .   (no helmet)
rElec   .          Harm     .   (no cloak)
rCorr   .          Rampage  .   (no gloves)
Will    .....                   (no boots)
Stlth   ..........              (no amulet)
HPRegen 0.09/turn               (no ring)
MPRegen 0.08/turn               (no ring)

@: no status effects
A: powered by pain 1
a: Renounce Religion, Channel Magic


You were on level 2 of the Dungeon.
You worshipped Sif Muna.
Sif Muna was aware of your devotion.
You visited 1 branch of the dungeon, and saw 2 of its levels.

You collected 53 gold pieces.

Inventory:

Hand Weapons
 a - a +0 war axe (weapon)
 k - a +0 hunting sling
Missiles
 e - 122 stones (quivered)
 f - 15 poisoned darts
 m - 78 arrows
Armour
 b - a +0 scale mail
 c - a +0 buckler (worn)
 j - a +0 plate armour (worn)
Scrolls
 g - 4 scrolls of identify {unknown}
 i - a scroll of magic mapping {unknown}
Potions
 d - a potion of might
 h - a potion of curing {unknown}
 l - 2 potions of heal wounds {unknown}
 n - a potion of flight {unknown}
 o - a potion of berserk rage {unknown}


   Skills:
 - Level 3.0 Fighting
 + Level 3.5 Axes
 - Level 2.6 Armour
 - Level 2.6 Shields


You had 2 spell levels left.
You didn't know any spells.
Your spell library contained the following spells:

 Spells                   Type           Power      Damage    Failure   Level
 Sandblast                Erth           0%         2d4       100%        1
 Passwall                 Tmut/Erth      0%         N/A       100%        2
 Stone Arrow              Conj/Erth      0%         3d7       100%        3


Dungeon Overview and Level Annotations

Branches:
Dungeon (2/15)

Altars:
Sif Muna


Innate Abilities, Weirdness & Mutations

You sometimes gain a little power by taking damage.


Message History

There is an escape hatch in the floor here.
An endoplasm comes into view.
The endoplasm quivers.
You throw a stone.
The stone hits the endoplasm but does no damage.
An endoplasm is nearby!
An endoplasm is nearby!
You throw a stone. The stone hits the endoplasm.
The endoplasm is lightly wounded.
You slash the endoplasm!
You kill the endoplasm!
No target in view!
e - 102 stones (gained 1)
e - 103 stones (gained 1) No target in view!
Found a stone staircase leading down.
There is a stone staircase leading down here.
Found a spear.
No target in view!
m - 45 arrows (gained 24)
e - 122 stones (gained 19)
You open the door.
Found a faded altar of an unknown god.
No target in view!
No target in view!
No target in view!
No target in view!
There is an open door here.
m - 78 arrows (gained 33) As you open the door, it creaks loudly!
There is an open door here.
There is a faded altar of an unknown god here.
You pick up a book of Geomancy and begin reading...
You add the spells Sandblast, Passwall and Stone Arrow to your library.
There is a faded altar of an unknown god here.
You cannot tell which god this altar belongs to.
Convert to them anyway?
Sif Muna accepts your prayer! Sif Muna welcomes you!
You can now call upon Sif Muna for magical energy.
Are you sure you want to abandon this character and quit the game? (Confirm with "yes".)

###.###.# # ..#.#...###
######### #.#.#.....# ##+#
.......|. #.#.####### ..#
######### #.#.......# ###8#
....... #.######### #P..#
####### #.# #.#.## # ..# +
#..## #### ###
##########.@.##### #...
#..)....###P.#P'.# #...
#.......# ##.#.#.# #)..
######.......####...#.######
#...
................#8###.#..).#
#...
######.......####.....####.#
#... #.......#
#'########.######
#.......####...........# #
####
########.............#.# #


There were no monsters in sight!

Vanquished Creatures
  A gnoll (D:1)
  2 dart slugs
  3 ball pythons (D:2)
  A bat (D:2)
  4 endoplasms
  3 goblins
  4 hobgoblins
  2 jackals (D:2)
  A quokka (D:1)
  A frilled lizard (D:2)
  A kobold (D:2)
  2 rats (D:1)
25 creatures vanquished.

Vanquished Creatures (others)
  A plant (D:1)
1 creature vanquished.

Grand Total: 26 creatures vanquished

Notes
Turn   | Place    | Note
-------+----------+-------------------------------------------
     0 | D:1      | dolemite99 the Demonspawn Fighter began the quest for the
                  | Orb.
     0 | D:1      | Reached XP level 1. HP: 18/18 MP: 1/1
   462 | D:1      | Gained mutation: You sometimes gain a little power by
                  | taking damage. [demonic ancestry]
   462 | D:1      | Reached XP level 2. HP: 20/24 MP: 2/2
  1381 | D:2      | Reached XP level 3. HP: 23/29 MP: 3/3
  1944 | D:2      | Found a faded altar of an unknown god.
  1969 | D:2      | Became a worshipper of Sif Muna the Loreminder
  1969 | D:2      | Reached * piety under Sif Muna
  1970 | D:2      | Quit the game

Illustrated notes

Levels and vault maps discovered:
D:1:      dpeg_arrival_three_same_balls, layout_basic,
          kennysheep_decorative_pillar, serial_bayou_pond_d
D:2:      layout_basic, shapermc_ecumenical_altar_ellora

Skill      XL: |  1  2 |
---------------+-------+-----
Axes           | 2 3 |  3.5
Fighting       | |  3.0
Armour         | |  2.6
Shields        | |  2.6

Action                   || total
-------------------------++-------
Melee: War axe           ||    55
Throw: Stone             ||    34
Armor: Scale mail        ||     4
       Plate armour      ||    35
Dodge: Dodged            ||    11
Block: Buckler           ||    10

Table legend: (Time is in decaauts)
 A = Elapsed time spent in this place.
 B = Non-inter-level travel time spent in this place.
 C = Inter-level travel time spent in this place.
 D = Time resting spent in this place.
 E = Time spent auto-exploring this place.
 F = Levels seen in this place.
 G = Mean time per level.
                   A        B        C        D        E       F      G
               +--------+--------+--------+--------+--------+-----+--------+
         Total |   1994 |   1965 |     29 |    508 |   1137 |   2 |  997.0 |
       Dungeon |   1994 |   1965 |     29 |    508 |   1137 |   2 |  997.0 |
               +--------+--------+--------+--------+--------+-----+--------+

Top non-repeatable levels by time:
     D:1: 1198 daAuts
     D:2: 796 daAuts
